 Dungeon Crawl Stone Soup version 0.17-b1-22-g5359643 (console) character file.

87 Kloppie the Sneak (level 4, -2/37 HPs)
             Began as a Hill Orc Assassin on Nov 5, 2015.
             Slain by an orc priest (4 damage)
             ... on level 3 of the Dungeon.
             The game lasted 00:05:59 (2403 turns).

Kloppie the Sneak (Hill Orc Assassin)               Turns: 2403, Time: 00:05:59

Health: -2/37      AC:  4    Str: 13    XL:     4   Next: 51%
Magic:  4/4        EV: 12    Int: 11    God:
Gold:   144        SH:  0    Dex: 13    Spells: 0 memorised, 3 levels left

rFire  . . .     SeeInvis .     a - +0 short sword
rCold  . . .     Clarity  .     p - +0 leather armour
rNeg   . . .     SustAt   .     (no shield)
rPois  .         Gourm    .     (no helmet)
rElec  .         Spirit   .     d - +0 cloak
rCorr  .         Warding  .     (no gloves)
rMut   .         Stasis   .     (no boots)
MR     .....                    (no amulet)
Stlth  ++........               (no ring)
                                (no ring)

@: not resistant to hostile enchantments, unstealthy
A: no striking features
a: Convert to Beogh


You were on level 3 of the Dungeon.
You were not hungry.

You visited 1 branch of the dungeon, and saw 3 of its levels.

You collected 144 gold pieces.

Inventory:

Hand Weapons
 a - a +0 short sword (weapon)
 b - a +0 blowgun
 k - a +2 dagger
Missiles
 e - 8 poisoned needles
 f - 2 curare-tipped needles
Armour
 d - a +0 cloak (worn)
 p - a +0 leather armour (worn)
Scrolls
 c - a scroll of fog {unknown}
 j - 2 scrolls of teleportation {unknown}
 l - a scroll of magic mapping {unknown}
 m - a scroll of random uselessness {unknown}
 n - a scroll of identify {unknown}
 o - a scroll of enchant weapon {unknown}
 r - a scroll of immolation {unknown}
Potions
 h - 2 potions of agility {unknown}
 i - 2 potions of might {unknown}
 t - 2 potions of brilliance {unknown}
Comestibles
 g - a bread ration
 s - a slice of pizza


   Skills:
 - Level 2.4 Fighting
 + Level 2.4 Short Blades
 + Level 3.0 Throwing
 - Level 1.3 Armour
 + Level 1.8 Dodging
 - Level 3.2 Stealth


You had 3 spell levels left.
You didn't know any spells.

Dungeon Overview and Level Annotations

Branches:
Dungeon (3/15)

Altars:
Vehumet


Message History

The orc hits you with a mace.
* * * LOW HITPOINT WARNING * * *
You barely miss the orc priest. The orc priest misses you.
The orc hits you but does no damage.
You hit the orc priest but do no damage.
The orc priest shouts, "Surrender to Beogh and we'll let you live!"
The orc priest barely misses you. The orc closely misses you.
The orc priest threatens, "By the altar or by the axe, you will meet Beogh!"
You hit the orc priest.
The orc priest is moderately wounded.
The orc priest closely misses you. The orc barely misses you.
You hit the orc priest but do no damage.
The orc priest is moderately wounded.
The orc priest shouts, "Beogh is our master!
Accept the truth or die!"
The orc priest hits you.
* * * LOW HITPOINT WARNING * * *
You hit the orc priest.
The orc priest is heavily wounded.
The orc priest hits you.
You die...

#. #.# #.......
##.########.#
#.......
..).[....##.#
#.......
#........#.#
###+#...
#....:...#.# ..##
#........#.# .#
#.....†..#'##+##
#..............#
#...o@%........#
#.$.o..........+
.................#
......###+#####....
...... ####. +##+##


You could see an orc priest and an orc.

Vanquished Creatures
  5 adders
  A worm (D:2)
  4 giant geckos
  An orc (D:3)
  A ball python (D:1)
  7 bats
  2 goblins (D:2)
  3 hobgoblins
  6 kobolds
  A giant cockroach (D:3)
  2 giant newts (D:2)
  5 rats
38 creatures vanquished.

Notes
Turn   | Place    | Note
--------------------------------------------------------------
     0 | D:1      | Kloppie the Hill Orc Assassin began the quest for the Orb.
     0 | D:1      | Reached XP level 1. HP: 18/18 MP: 1/1
   207 | D:1      | Reached skill level 1 in Armour
   212 | D:1      | Reached XP level 2. HP: 13/25 MP: 2/2
   685 | D:1      | Reached skill level 1 in Dodging
  1181 | D:2      | Reached XP level 3. HP: 14/30 MP: 3/3
  1782 | D:2      | Reached XP level 4. HP: 19/37 MP: 4/4
  2125 | D:2      | Found a radiant altar of Vehumet.
  2403 | D:3      | Slain by an orc priest

Action                   |  1- 3 |  4- 6 || total
-------------------------+-------+-------++-------
Melee: Dagger            |    34 |       ||    34
       Short sword       |    71 |    84 ||   155
 Fire: Blowgun           |     2 |       ||     2
 Stab: Sleeping          |     7 |     2 ||     9
  Eat: Chunk             |     3 |     2 ||     5
